 Dungeon Crawl Stone Soup version 0.17.1-3-g152610e (webtiles) character file.

160 Goblin1989 the Sneak (level 5, 0/26 HPs)
             Began as a Vine Stalker Assassin on Mar 28, 2016.
             Slain by a worm (6 damage)
             ... on level 4 of the Dungeon.
             The game lasted 00:11:46 (919 turns).

Goblin1989 the Sneak (Vine Stalker Assassin)         Turns: 919, Time: 00:11:46

Health: 0/26       AC:  5    Str: 13    XL:     5   Next: 41%
Magic:  0/6        EV: 11    Int: 11    God:
Gold:   102        SH:  0    Dex: 17    Spells: 0 memorised, 4 levels left

rFire  . . .     SeeInvis .     a - +2 dagger
rCold  . . .     Clarity  .     c - +0 robe
rNeg   . . .     SustAt   .     (no shield)
rPois  .         Gourm    .     p - +0 helmet
rElec  .         Spirit   +     d - +0 cloak
rCorr  .         Warding  .     n - +0 pair of gloves
rMut   .         Stasis   .     (no boots)
MR     .....                    (no amulet)
Stlth  +++.......               (no ring)
                                (no ring)

@: not resistant to hostile enchantments, fairly stealthy
A: fangs 2, regeneration 1, magic shield, antimagic bite, no device heal 3, rot
immunity
a: no special abilities


You were on level 4 of the Dungeon.
You were not hungry.

You visited 1 branch of the dungeon, and saw 5 of its levels.

You collected 102 gold pieces.

Inventory:

Hand Weapons
 a - a +2 dagger (weapon)
 b - a +0 blowgun
Missiles
 e - 32 poisoned needles
 f - 2 curare-tipped needles
Armour
 c - a +0 robe (worn)
 d - a +0 cloak (worn)
 n - a +0 pair of gloves (worn)
 p - a +0 helmet (worn)
Jewellery
 h - an uncursed ring of see invisible {unknown}
Scrolls
 k - a scroll of enchant weapon {unknown}
 l - a scroll of identify {unknown}
 m - a scroll of amnesia {unknown}
Potions
 i - a potion of curing {unknown}
 j - a potion of mutation {unknown}
Comestibles
 g - a bread ration
 o - a meat ration


   Skills:
 - Level 1.8 Fighting
 * Level 3.9 Short Blades
 - Level 1.8 Throwing
 - Level 0.7 Dodging
 + Level 6.4 Stealth


You had 4 spell levels left.
You didn't know any spells.

Dungeon Overview and Level Annotations

Branches:
Dungeon (5/15)
 Temple: D:4-7

Altars:
Nemelex Xobeh


Innate Abilities, Weirdness & Mutations

You have extremely sharp teeth.
Your natural rate of healing is unusually fast.
When hurt, damage is shared between your health and your magic reserves.
Your bite disrupts and absorbs the magic of your enemies.
Potions and wands cannot restore your health.
You are immune to rotting.


Message History

The orc wizard is severely wounded.
The orc wizard looks more healthy.
The orc wizard hits you but does no damage.
You closely miss the orc wizard.
The orc wizard is severely wounded.
The orc wizard closely misses you.
You closely miss the orc wizard. Your bite misses the orc wizard.
The orc wizard is severely wounded.
The worm bites you!
* * * LOW HITPOINT WARNING * * *
You hit the orc wizard.
The orc wizard is almost dead.
The orc wizard casts a spell.
The orc wizard seems to speed up.
You hit the orc wizard. You bite the orc wizard.
The orc wizard's magic leaks into the air.
You drain its magic.
You feel invigorated.
You kill the orc wizard!
The worm bites you!
You die...

## ## # .... #.
.#. .. (> #.#
#.#(#( ##.###
#..()[####.#...##
#..(()w@)#.....#
##.######.#...
#.##.# # #.##.#
.# #.##.####.#
#.........####
###.##..........
#...###..##.###
#.#####⌠.⌠#.# #


You could see a worm.

Vanquished Creatures
  An orc priest (D:4)
  An orc wizard (D:4)
  Robin (D:3)
  4 adders
  An ooze (D:4)
  A worm (D:3)
  3 orcs (D:4)
  2 giant cockroaches (D:3)
  7 goblins
  6 hobgoblins
  3 kobolds
  4 bats
  6 giant newts
  6 jackals
  4 rats
50 creatures vanquished.

Notes
Turn   | Place    | Note
--------------------------------------------------------------
     0 | D:1      | Goblin1989 the Vine Stalker Assassin began the quest for the Orb.
     0 | D:1      | Reached XP level 1. HP: 11/11 MP: 2/2
    15 | D:1      | Reached skill level 5 in Stealth
   100 | D:1      | Reached XP level 2. HP: 15/15 MP: 3/3
   269 | D:3      | Noticed Robin
   277 | D:3      | Killed Robin
   277 | D:3      | Reached XP level 3. HP: 16/18 MP: 4/4
   390 | D:2      | Reached XP level 4. HP: 21/23 MP: 5/5
   811 | D:4      | Reached skill level 6 in Stealth
   833 | D:5      | Entered Level 5 of the Dungeon
   833 | D:5      | Noticed a phantom
   857 | D:4      | Found a sparkling altar of Nemelex Xobeh.
   911 | D:4      | Reached XP level 5. HP: 12/26 MP: 3/6
   919 | D:4      | Slain by a worm

Action                   |  1- 3 |  4- 6 || total
-------------------------+-------+-------++-------
Melee: Dagger            |    73 |    39 ||   112
 Fire: Blowgun           |    13 |    13 ||    26
 Stab: Sleeping          |     5 |     6 ||    11
       Distracted        |     1 |       ||     1
